 Dungeon Crawl Stone Soup version 0.30.1-4-g462c640d31 (webtiles) character file.

Game seed: 5876031999909335829

1160 Kranky the Shield-Bearer (level 8, 0/62 HPs)
             Began as a Formicid Wanderer on Sept 10, 2023.
             Was an Initiate of Okawaru.
             Slain by an orc
             ... wielding a +0 hand axe
              (4 damage)
             ... on level 5 of the Dungeon.
             The game lasted 00:12:39 (6084 turns).

Kranky the Shield-Bearer (Formicid Wanderer)        Turns: 6084, Time: 00:12:41

Health: 0/62       AC:  9    Str: 17    XL:     8   Next: 66%
Magic:  9/9        EV:  9    Int: 13    God:    Okawaru [......]
Gold:   215        SH:  5    Dex: 14    Spells: 8/9 levels left

rFire   . . .        a - +0 long sword
rCold   . . .        b - +0 buckler
rNeg    . . .        m - +0 scale mail
rPois   .            (helmet unavailable)
rElec   .            e - scarf {repulsion}
rCorr   .            (no gloves)
SInv    +            i - +1 pair of boots
Will    .....        (no amulet) Stlth
                     (no ring)
HPRegen 0.30/turn    (no ring)
MPRegen 0.11/turn

%: repel missiles
@: no status effects
A: permanent stasis, dig shafts and tunnels, antennae 3, four strong arms
a: Dig, Shaft Self, Renounce Religion


You were on level 5 of the Dungeon.
You worshipped Okawaru.
Okawaru was noncommittal.
You visited 2 branches of the dungeon, and saw 6 of its levels.

You collected 215 gold pieces.

Inventory:

Hand Weapons
 a - a +0 long sword (weapon)
Missiles
 v - a throwing net
Armour
 b - a +0 buckler (worn)
 d - a +0 leather armour
 e - a scarf of repulsion (worn)
 f - a +0 ring mail
 i - a +1 pair of boots (worn)
 m - a +0 scale mail (worn)
Jewellery
 w - an amulet of the acrobat
Scrolls
 g - a scroll of enchant armour {unknown}
 h - 2 scrolls of teleportation
 j - 2 scrolls of poison {unknown}
 l - 2 scrolls of fear {unknown}
 n - a scroll of brand weapon {unknown}
 o - a scroll of identify
 x - a scroll of silence
Potions
 c - 2 potions of curing
 k - 4 potions of haste
 p - a potion of flight
 q - a potion of might
 r - a potion of mutation {unknown}
 s - 2 potions of attraction {unknown}
 t - a potion of cancellation {unknown}
 u - a potion of brilliance


   Skills:
 + Level 5.2 Fighting
 - Level 6.1 Long Blades
 + Level 5.1 Armour
 - Level 1.2 Stealth
 + Level 6.4 Shields
 - Level 1.1 Spellcasting
 - Level 2.6 Conjurations


You had 8 spell levels left.
You knew the following spells:

 Your Spells              Type           Power      Damage    Failure   Level
a - Shock                 Conj/Air       16%        1d4       54%         1

Your spell library contained the following spells:

 Spells                   Type           Power      Damage    Failure   Level
 Hailstorm                Conj/Ice       4%         3d4       88%         3


Dungeon Overview and Level Annotations

Branches:
Dungeon (5/15)             Temple (1/1) D:5

Altars:
Ashenzari
Cheibriados
Elyvilon
Fedhas
Gozag
Hepliaklqana
Kikubaaqudgha
Nemelex Xobeh
Okawaru
Qazlal
Ru
Sif Muna
Trog
Uskayaw
Vehumet
Wu Jian
Xom
Yredelemnul
Zin
The Shining One

Shops:
D:3 [

Annotations:
D:5 exclusion: door


Innate Abilities, Weirdness & Mutations

You cannot be hasted, slowed, berserked, paralysed or teleported.
You can dig through walls and to a lower floor.
You have a pair of large antennae on your head. (SInv)
Your four strong arms can wield two-handed weapons with a shield.


Message History

The hound bites you but does no damage. You block the orc wizard's attack.
The hound bites you but does no damage.
You slash the orc wizard!
You kill the orc wizard!
Okawaru accepts your kill. You block the hound's attack.
The hound bites you but does no damage.
Things that are here:
a +2 dagger of electrocution; a +0 robe; an orc corpse The jackal closely misses you.
The hound bites you.
* * * LOW HITPOINT WARNING * * *
The jackal bites you but does no damage.
You barely miss the jackal. The hound closely misses you.
The jackal bites you but does no damage.
The hound bites you but does no damage.
You slash the jackal!
You kill the jackal!
Okawaru accepts your kill. The hound barely misses you.
You hit the hound.
The hound is almost dead.
The hound bites you but does no damage.
The hound pauses to sniff the ground.
The hound barely misses you. You block the orc's attack.
You miss the hound.
The hound is almost dead.
The hound bites you.
* * * LOW HITPOINT WARNING * * *
The hound barely misses you. The orc hits you but does no damage.
You hit the hound but do no damage.
The hound is almost dead.
The hound bites you but does no damage. The orc hits you but does no damage.
You hit the hound.
The hound is almost dead.
The hound bites you.
* * * LOW HITPOINT WARNING * * *
The hound bites you.
* * * LOW HITPOINT WARNING * * *
The orc hits you with a +0 hand axe.
You die...

.......$# ###......#
#........#
#.......###.###.......
#..().................
#.....# ............
#..h..###.......>....
##oo##.#.............
###@)...............
##h.......(.......
#................
#####.....##.......#
##.............#...##
##..............#..##
##............#..##.###
####..........#.....#...##
#..........#.##........#..


You could see a hound, 2 orcs and a jackal.

Vanquished Creatures
  Grinder (D:4)
  2 ogres (D:4)
  A phantom (D:4)
  A bullfrog (D:4)
  A scorpion (D:4)
  The ghost of RumbleBuddy the Gusty, a weakling DEAE (D:3)
  A gnoll bouda (D:3)
  2 orc priests
  A sleepcap (D:5)
  2 iguanas (D:4)
  3 orc wizards
  Natasha (thrice) (D:3)
  6 gnolls
  8 adders
  A white imp (D:5)
  A worm (D:4)
  5 dart slugs
  11 orcs
  6 bats
  8 endoplasms
  4 giant cockroaches
  11 goblins
  7 hobgoblins
  6 jackals
  A quokka (D:4)
  A ball python (D:4)
  10 frilled lizards
  3 kobolds
  5 rats
113 creatures vanquished.

Notes
Turn   | Place    | Note
-------+----------+-------------------------------------------
     0 | D:1      | Kranky the Formicid Wanderer began the quest for the Orb.
     0 | D:1      | Kranky set off with the following items: a +0 long sword, a
                  | +0 buckler, a potion of curing, a +0 leather armour; and
                  | the following spell memorised: Shock; and the following
                  | spells available to memorise: Hailstorm.
     0 | D:1      | Reached XP level 1. HP: 13/13 MP: 2/2
    68 | D:1      | Reached XP level 2. HP: 20/20 MP: 3/3
   148 | D:1      | You fall into a shaft and drop 1 floor!
   355 | D:1      | Reached skill level 1 in Armour
   427 | D:1      | Reached skill level 1 in Fighting
   581 | D:1      | Reached XP level 3. HP: 23/26 MP: 4/4
  1218 | D:2      | Reached XP level 4. HP: 30/32 MP: 5/5
  1764 | D:3      | Found a runed translucent door.
  1764 | D:3      | Noticed RumbleBuddy's ghost (weakling DEAE)
  1818 | D:3      | Found Riaginut's Armour Boutique.
  1952 | D:3      | Found an ornate altar of the Wu Jian Council.
  2078 | D:3      | Killed RumbleBuddy's ghost
  2079 | D:3      | Reached XP level 5. HP: 24/38 MP: 6/6
  2381 | D:4      | Noticed an angel
  2383 | D:4      | Found a shimmering altar of Xom.
  2383 | D:4      | Found a glowing silver altar of Zin.
  2425 | D:4      | Noticed Grinder
  2446 | D:4      | Killed Grinder
  2447 | D:4      | Reached skill level 5 in Long Blades
  2447 | D:4      | Reached XP level 6. HP: 18/47 MP: 7/7
  2771 | D:4      | Noticed Natasha
  2790 | D:3      | Reached XP level 7. HP: 25/52 MP: 8/8
  2908 | D:3      | Killed Natasha
  2955 | D:3      | Found Riaginut's Armour Boutique.
  3304 | D:3      | Noticed Natasha
  3305 | D:3      | Found an ornate altar of the Wu Jian Council.
  3311 | D:3      | Killed Natasha
  3349 | D:3      | Noticed Natasha
  3357 | D:3      | Killed Natasha
  3628 | D:4      | Reached skill level 5 in Shields
  4097 | D:3      | Reached XP level 8. HP: 39/60 MP: 9/9
  4472 | D:5      | Entered Level 5 of the Dungeon
  4602 | D:4      | HP: 3/61 [ogre/+0 giant club (17)]
  5394 | D:5      | Reached skill level 5 in Fighting
  5549 | D:5      | Found a shimmering blue altar of Sif Muna.
  5665 | D:5      | Found a sacrificial altar of Ru.
  5671 | D:5      | Found a hide-covered altar of Uskayaw.
  5674 | D:5      | Found a bloodstained altar of Trog.
  5674 | D:5      | Found a white marble altar of Elyvilon.
  5681 | D:5      | Found an iron altar of Okawaru.
  5741 | D:5      | Found a staircase to the Ecumenical Temple.
  5757 | D:5      | Reached skill level 5 in Armour
  5773 | Temple   | Entered the Ecumenical Temple
  6004 | D:5      | Became a worshipper of Warmaster Okawaru
  6084 | D:5      | Slain by an orc

Illustrated notes

Levels and vault maps discovered:
D:1:      nicolae_arrival_washed_ashore, layout_basic
D:2:      wander_river, layout_rooms
D:3:      layout_basic, nicolae_wu_jian_glorious_leap, serial_shops, shop,
          gammafunk_ghost_grave
D:4:      cheibrodos_barr_body, layout_gridville,
          grunt_temple_overflow_order_and_chaos_1, dk_noncrumbling_3,
          uniq_natasha, uniq_grinder
D:5:      layout_cave_pools, nicolae_overflow_hallway_of_the_gods, led_sif_book,
          minmay_temple_entry_large_hall
Temple:   chequers_temple_sunken

Skill      XL: |  1  2  3  4  5  6  7  8 |
---------------+-------------------------+-----
Shields        | 2 3 4 5 6 |  6.4
Armour         | 1 2 3 4 5 |  5.1
Fighting       | 1 2 3 4 5 |  5.2
Long Blades    | 5 6 |  6.1
Stealth        | |  1.2
Spellcasting   | |  1.1
Conjurations   | |  2.6

Action                     |  1- 3 |  4- 6 |  7- 9 || total
---------------------------+-------+-------+-------++-------
  Melee: Long sword        |   117 |   114 |   235 ||   466
   Cast: Shock             |       |       |     1 ||     1
    Use: Scroll            |       |     5 |       ||     5
   Stab: Sleeping          |     2 |       |       ||     2
 Armour: Leather armour    |     4 |       |       ||     4
         Ring mail         |    16 |       |       ||    16
         Scale mail        |    34 |    57 |   135 ||   226
  Dodge: Dodged            |    62 |    43 |   123 ||   228
         Repelled          |     1 |       |       ||     1
  Block: Buckler           |    31 |    27 |    86 ||   144
